 Dungeon Crawl Stone Soup version 0.27-a0-1196-g3e9cee4cb2 (webtiles) character file.

Game seed: 7366579283785918999

78979 polve the Carver (level 15, -7/80 HPs)
             Began as a Vine Stalker Fighter on May 27, 2021.
             Was an Elder of Uskayaw.
             Killed from afar by a deep elf zephyrmancer (22 damage)
             ... with a bolt of lightning
             ... on level 1 of the Elven Halls.
             The game lasted 00:33:35 (19043 turns).

polve the Carver (Vine Stalker Fighter)            Turns: 19043, Time: 00:33:36

Health: -7/80      AC: 30    Str: 19    XL:     15   Next: 62%
Magic:  0/23       EV:  6    Int:  8    God:    Uskayaw [****..]
Gold:   1886       SH: 19    Dex: 23    Spells: 14/14 levels left

rFire    . . .     SeeInvis .   a - +4 scimitar (flame)
rCold    . . .     Faith    .   c - +0 kite shield
rNeg     . . .     Spirit   +   t - +4 plate armour
rPois    .         Reflect  +   J - +0 helmet
rElec    .         Harm     .   M - +0 cloak
rCorr    .         Rampage  .   y - +0 pair of gloves {Dex+3}
Will     ++...                  P - +2 pair of boots {Stlth+}
Stlth    ..........             n - amulet of reflection
HPRegen  1.23/turn              U - ring of willpower
MPRegen  0.18/turn              V - +4 ring of protection

@: no status effects
A: fangs 3, regeneration 1, magic shield, antimagic bite, no potion heal 2
a: Renounce Religion, Stomp, Line Pass


You were on level 1 of the Elven Halls.
You worshipped Uskayaw.
Uskayaw was aware of your devotion.
You visited 4 branches of the dungeon, and saw 21 of its levels.
You also visited: Sewer.

You collected 2001 gold pieces.
You spent 115 gold pieces at shops.

Inventory:

Hand Weapons
 a - a +4 scimitar of flaming (weapon)
Missiles
 d - 13 atropa-tipped darts
 K - a throwing net
 Q - 5 curare-tipped darts
Armour
 c - a +0 kite shield (worn)
 t - a +4 plate armour (worn)
 y - a +0 pair of gloves of dexterity (worn)
 J - a +0 helmet (worn)
 M - a +0 cloak (worn)
 P - a +2 pair of boots of stealth (worn)
Jewellery
 n - an amulet of reflection (around neck)
 U - a ring of willpower (left hand)
 V - a +4 ring of protection (right hand)
Wands
 k - a wand of charming (12)
 o - a wand of acid (18)
 r - a wand of digging (13)
 v - a wand of flame (72)
 E - a wand of mindburst (24)
 I - a wand of iceblast (18)
 Z - a wand of paralysis (9)
Scrolls
 g - 7 scrolls of teleportation
 i - 4 scrolls of amnesia
 j - 3 scrolls of magic mapping
 l - 4 scrolls of enchant weapon
 x - 2 scrolls of holy word
 D - 2 scrolls of enchant armour
 H - 2 scrolls of fear
 L - a scroll of blinking
 N - 2 scrolls of brand weapon
 O - 4 scrolls of vulnerability
 R - 3 scrolls of fog
 S - a scroll of torment
Potions
 b - 2 potions of might
 e - 3 potions of attraction
 f - a potion of resistance {unknown}
 h - a potion of lignification {unknown}
 m - a potion of brilliance {unknown}
 p - a potion of magic {unknown}
 q - 12 potions of curing
 s - 2 potions of ambrosia
 u - 2 potions of flight
 w - a potion of haste
 z - 3 potions of invisibility {unknown}
 A - 4 potions of mutation
 Y - a potion of cancellation {unknown}


   Skills:
 - Level 10.0 Fighting
 - Level 14.0 Long Blades
 - Level 10.0 Armour
 - Level 5.0 Stealth
 + Level 12.4 Shields
 - Level 10.0 Invocations


You had 14 spell levels left.
You didn't know any spells.
Your spell library contained the following spells:

 Spells                   Type           Power      Damage    Failure   Level
 Shock                    Conj/Air       0%         1d3       100%        1
 Poisonous Vapours        Pois/Air       0%         N/A       100%        2
 Conjure Flame            Conj/Fire      0%         6-21      100%        3
 Mephitic Cloud           Conj/Pois/Air  0%         N/A       100%        3
 Animate Armour           Summ/Erth      0%         N/A       100%        4
 Petrify                  Tmut/Erth      0%         N/A       100%        4
 Irradiate                Conj/Tmut      0%         3d13      100%        5
 Lee's Rapid Deconstruct  Erth           0%         3d5*      100%        5
 Blade Hands              Tmut           0%         N/A       100%        6
 Freezing Cloud           Conj/Ice/Air   0%         6-21      100%        6
 Statue Form              Tmut/Erth      0%         N/A       100%        6
 Dragon Form              Tmut           0%         N/A       100%        7


Dungeon Overview and Level Annotations

Branches:
Dungeon (12/15)            Temple (0/1) D:7            Lair (6/6) D:10
  Swamp (0/4) Lair:4        Snake (0/4) Lair:2        Slime (0/5) Lair:5
    Orc (2/2) D:11            Elf (1/3) Orc:2         Sewer (visited)

Altars:
Ashenzari
Cheibriados
Dithmenos
Gozag
Hepliaklqana
Kikubaaqudgha
Makhleb
Nemelex Xobeh
Okawaru
Qazlal
Ru
Sif Muna
Uskayaw
The Shining One

Shops:
D:3 (   D:10 !   D:11 (   Orc:2 :?*[

Portals:
Trove: D:12 (show abyssal rune of Zot)


Innate Abilities, Weirdness & Mutations

You have razor-sharp teeth.
Your natural rate of healing is unusually fast.
When hurt, damage is shared between your health and your magic reserves.
Your bite disrupts and absorbs the magic of your enemies.
Potions cannot restore your health.


Message History

You barely miss the deep elf pyromancer.
You bite the deep elf pyromancer!
The deep elf pyromancer's magic leaks into the air.
You drain its magic.
The deep elf pyromancer is moderately wounded.
You block the deep elf pyromancer's attack.
Uskayaw will force your foes to share their pain.
Uskayaw links your audience in an emotional bond!
You hit the deep elf pyromancer. You burn the deep elf pyromancer.
Your bite misses the deep elf pyromancer.
The deep elf pyromancer is heavily wounded.
You block the deep elf pyromancer's attack.
You block the deep elf zephyrmancer's attack.
You slice the deep elf pyromancer!! You burn the deep elf pyromancer.
You kill the deep elf pyromancer!
You slash the deep elf zephyrmancer! You burn the deep elf zephyrmancer.
Your bite misses the deep elf zephyrmancer.
The deep elf zephyrmancer is severely wounded.
The deep elf zephyrmancer hits you with a +1 long sword of protection.
You closely miss the deep elf zephyrmancer.
Your bite misses the deep elf zephyrmancer.
The deep elf zephyrmancer is severely wounded.
The deep elf zephyrmancer mumbles some strange words.
The deep elf zephyrmancer blinks!
A deep elf zephyrmancer is nearby!
The deep elf zephyrmancer gestures at you while chanting.
The bolt of lightning hits you!! x2
The deep elf zephyrmancer gestures at you while chanting.
The bolt of lightning hits you!!
* * * LOW HITPOINT WARNING * * *
The bolt of lightning hits you but does no damage.
You hit the deep elf zephyrmancer but do no damage.
Your bite misses the deep elf zephyrmancer.
The deep elf zephyrmancer is severely wounded.
The deep elf zephyrmancer is no longer sharing its pain.
You closely miss the deep elf zephyrmancer.
The deep elf zephyrmancer is severely wounded.
The deep elf zephyrmancer points at you and mumbles some strange words.
The bolt of lightning hits you!!
You die...

##############'###..#
.................#..#
....)............#..#
#.#####'#####.......#
#.# .........#### #.#
###....##!.# #.#
.....##....# #.#
#..##....).# #.#
#..#....#@..# #.#
...#.....e..# #
#...###+### # #... #
... # . # # #


You could see a deep elf zephyrmancer.

Vanquished Creatures
  Jorgrun (D:12)
  Josephine (Lair:3)
  Snorg (D:10)
  An ogre mage (Orc:2)
  2 boulder beetles (D:11)
  9 hydras
  Erica (D:8)
  5 two-headed ogres
  2 dancing weapons (Elf:1)
  2 death yaks (Lair:4)
  3 orc high priests (Orc:2)
  2 deep elf knights (Elf:1)
  A deep elf archer (Elf:1)
  A bog body (Lair:4)
  5 deep elf pyromancers
  6 deep elf zephyrmancers (Elf:1)
  A cyclops (D:11)
  7 orc knights
  3 orc sorcerers (Orc:2)
  2 ugly things
  9 elephants
  A black mamba (Lair:6)
  12 cane toads
  A gargoyle (D:12)
  2 torpor snails
  5 kobold demonologists
  11 komodo dragons
  An unseen horror (D:11)
  A rime drake (Lair:4)
  A tengu conjurer (Elf:1)
  2 trolls
  4 polar bears
  6 hornets
  27 blink frogs
  A dream sheep (Lair:6)
  2 shadows (D:10)
  5 wraiths
  14 spriggans (Lair:6)
  2 vampires (D:11)
  4 basilisks
  44 yaks
  3 wyverns
  A steam dragon (D:6)
  6 vampire mosquitoes
  Menkaure (D:5)
  2 wargs
  3 nagas (Lair:2)
  21 water moccasins
  20 orc warriors
  A sky beast (D:6)
  8 black bears
  An ice beast (D:6)
  4 boggarts (Lair:6)
  2 necrophages (D:6)
  13 ogres
  26 wolves
  14 centaurs
  3 kobold brigands
  3 phantoms
  14 bullfrogs
  3 scorpions
  A gnoll sergeant (D:10)
  An earth elemental (Elf:1)
  A water moccasin skeleton (D:5)
  10 killer bees
  9 wights
  2 howler monkeys
  2 electric eels
  6 centaur zombies
  4 centaur skeletons
  4 jellies
  A hound (D:7)
  A gnoll shaman (D:8)
  Crazy Yiuf (D:7)
  20 orc priests
  Jessica (D:3)
  2 iguanas
  21 orc wizards
  3 killer bee zombies
  2 hound skeletons
  A howler monkey zombie (D:9)
  5 gnolls
  7 adders
  A howler monkey skeleton (D:5)
  3 shadow imps
  4 worms
  3 dart slugs
  69 orcs
  6 bats
  12 endoplasms
  4 giant cockroaches
  10 goblins
  5 hobgoblins
  9 jackals
  4 quokkas
  3 ball pythons
  2 frilled lizards (D:3)
  15 kobolds
  2 rats
617 creatures vanquished.

Vanquished Creatures (others)
  An air elemental (Elf:1)
  An orc (Orc:2)
  26 fungi
  39 plants
67 creatures vanquished.

Grand Total: 684 creatures vanquished

Notes
Turn   | Place    | Note
-------+----------+-------------------------------------------
     0 | D:1      | polve the Vine Stalker Fighter began the quest for the Orb.
     0 | D:1      | Reached XP level 1. HP: 11/11 MP: 2/2
     6 | D:1      | Found a faded altar of an unknown god.
   312 | D:1      | Reached skill level 2 in Long Blades
   474 | D:1      | Reached XP level 2. HP: 10/16 MP: 3/3
  1085 | D:2      | Reached XP level 3. HP: 16/19 MP: 4/4
  1155 | D:2      | Found a shadowy altar of Dithmenos.
  1481 | D:2      | Gained mutation: Your natural rate of healing is unusually
                  | fast. [Vine Stalker growth]
  1481 | D:2      | Reached XP level 4. HP: 23/23 MP: 5/5
  1553 | D:2      | Reached skill level 3 in Long Blades
  1789 | D:3      | Noticed Jessica
  1852 | D:3      | Killed Jessica
  1853 | D:3      | Reached XP level 5. HP: 24/27 MP: 3/6
  1983 | D:3      | Found Kereanuif's Weapon Emporium.
  2573 | D:3      | Reached skill level 4 in Long Blades
  2589 | D:4      | Reached XP level 6. HP: 32/32 MP: 5/7
  2687 | D:4      | Found a sacrificial altar of Ru.
  2691 | D:4      | Noticed a black bear
  2706 | D:4      | Killed a black bear
  2707 | D:4      | Reached skill level 5 in Shields
  2780 | D:3      | Reached XP level 7. HP: 26/35 MP: 6/8
  2829 | D:4      | Reached skill level 5 in Long Blades
  2936 | D:4      | Found a broken altar of Ashenzari.
  2940 | D:4      | Saw a vision of the Swamp and the Snake Pit.
  2940 | D:4      | Noticed a naga
  2940 | D:4      | Noticed a naga
  2940 | D:4      | Noticed an anaconda
  2940 | D:4      | Noticed a salamander
  2940 | D:4      | Noticed a naga ritualist
  2940 | D:4      | Noticed a black mamba
  2940 | D:4      | Noticed a nagaraja
  2940 | D:4      | Noticed a goliath frog
  2940 | D:4      | Noticed a goliath frog
  2940 | D:4      | Noticed an alligator
  2942 | D:4      | Noticed a naga
  3250 | D:5      | Entered Level 5 of the Dungeon
  3340 | D:5      | Noticed Menkaure
  3420 | D:5      | Killed Menkaure
  3487 | D:5      | Gained mutation: You have razor-sharp teeth. [Vine Stalker
                  | growth]
  3487 | D:5      | Reached XP level 8. HP: 38/39 MP: 7/9
  3516 | D:5      | Reached skill level 6 in Long Blades
  3675 | D:5      | Found a glowing drain.
  3694 | Sewer    | Entered a sewer
  4030 | D:5      | Found a hazy altar of Hepliaklqana.
  4217 | D:6      | Found a hide-covered altar of Uskayaw.
  4239 | D:6      | Became a worshipper of Uskayaw the Reveller
  4313 | D:6      | Found an ancient bone altar of Kikubaaqudgha.
  4318 | D:6      | Reached * piety under Uskayaw
  4322 | D:6      | Reached ** piety under Uskayaw
  4350 | D:6      | Noticed a wraith
  4351 | D:6      | Reached *** piety under Uskayaw
  4353 | D:6      | Reached skill level 7 in Long Blades
  4356 | D:6      | Reached **** piety under Uskayaw
  4378 | D:6      | Killed a wraith
  4498 | D:6      | Reached XP level 9. HP: 42/43 MP: 8/10
  4901 | D:6      | Reached ***** piety under Uskayaw
  5080 | D:6      | Found a shimmering blue altar of Sif Muna.
  5233 | D:6      | Reached skill level 5 in Fighting
  5699 | D:7      | Found a staircase to the Ecumenical Temple.
  5820 | D:7      | Noticed a hornet
  5827 | D:7      | Paralysed by a hornet for 1 turns
  5831 | D:7      | Killed a hornet
  5832 | D:7      | Reached skill level 8 in Long Blades
  6121 | D:7      | Found a runed translucent door.
  6122 | D:7      | Noticed Crazy Yiuf
  6304 | D:7      | Killed Crazy Yiuf
  6393 | D:8      | Reached XP level 10. HP: 50/53 MP: 11/11
  6418 | D:8      | Paralysed by a hornet for 3 turns
  6458 | D:8      | Found an iron altar of Okawaru.
  6493 | D:8      | Noticed Erica
  6517 | D:8      | Killed Erica
  6518 | D:8      | Reached skill level 9 in Long Blades
  6768 | D:8      | Noticed a two-headed ogre
  6768 | D:8      | Noticed a white ugly thing
  6784 | D:8      | Killed a white ugly thing
  6787 | D:8      | Killed a two-headed ogre
  7188 | D:9      | Reached skill level 10 in Shields
  7242 | D:9      | Identified the Papyrus of the Aerial Rocks
  7380 | D:9      | Found a shadowy altar of Dithmenos.
  7405 | D:9      | Found a glowing golden altar of the Shining One.
  7677 | D:9      | Noticed a kobold demonologist
  7682 | D:9      | Noticed a smoke demon
  7686 | D:9      | Noticed a sixfirhy
  7686 | D:9      | Killed a kobold demonologist
  7687 | D:9      | Reached skill level 10 in Long Blades
  7819 | D:10     | Entered Level 10 of the Dungeon
  7857 | D:10     | Reached XP level 11. HP: 56/56 MP: 12/12
  7984 | D:10     | Noticed a five-headed hydra
  8002 | D:10     | Reached ****** piety under Uskayaw
  8025 | D:10     | Noticed a deep elf pyromancer
  8026 | D:10     | Killed a deep elf pyromancer
  8173 | D:10     | Killed a one-headed hydra
  8361 | D:10     | Found a snail-covered altar of Cheibriados.
  8361 | D:10     | Found a stormy altar of Qazlal.
  8452 | D:10     | Reached skill level 1 in Stealth
  8490 | D:10     | Found a staircase to the Lair.
  8621 | D:10     | Noticed Snorg
  8630 | D:10     | Killed Snorg
  8631 | D:10     | Reached skill level 11 in Long Blades
  8801 | D:10     | Found Tuduzu's Distillery.
  8886 | D:10     | Found an opulent altar of Gozag.
  8886 | D:10     | Found a sparkling altar of Nemelex Xobeh.
  8974 | D:10     | Found a burning altar of Makhleb.
  9024 | Lair:1   | Entered Level 1 of the Lair of Beasts
  9089 | Lair:1   | Reached skill level 5 in Stealth
  9173 | Lair:1   | Reached XP level 12. HP: 64/64 MP: 13/13
 10137 | Lair:2   | Reached skill level 10 in Fighting
 10272 | Lair:2   | Reached skill level 1 in Invocations
 10416 | Lair:2   | Noticed a seven-headed hydra
 10425 | Lair:2   | Killed a two-headed hydra
 10496 | Lair:2   | Reached skill level 5 in Invocations
 10501 | Lair:2   | Found a staircase to the Snake Pit.
 10676 | Lair:2   | Noticed a six-headed hydra
 10685 | Lair:2   | Killed a one-headed hydra
 10906 | Lair:3   | Reached XP level 13. HP: 63/72 MP: 18/18
 11588 | Lair:4   | Noticed Josephine
 11599 | Lair:3   | Killed Josephine
 11683 | Lair:4   | Found a staircase to the Swamp.
 11692 | Lair:4   | Reached skill level 10 in Invocations
 11918 | Lair:4   | Reached skill level 12 in Long Blades
 12810 | Lair:5   | Found a staircase to the Slime Pits.
 12948 | Lair:5   | You fall into a shaft and drop 1 floor!
 12948 | Lair:6   | Entered Level 6 of the Lair of Beasts
 12967 | Lair:6   | Reached skill level 13 in Long Blades
 13711 | Lair:6   | Reached XP level 14. HP: 75/77 MP: 22/22
 13908 | Lair:6   | Reached skill level 14 in Long Blades
 14524 | Lair:6   | Reached skill level 5 in Armour
 15292 | D:11     | Found a staircase to the Orcish Mines.
 15432 | D:11     | Found Ehil's Weapon Shoppe.
 16173 | D:12     | Noticed Jorgrun
 16185 | D:12     | Killed Jorgrun
 16455 | D:12     | Reached XP level 15. HP: 80/80 MP: 23/23
 16499 | D:12     | Found a portal to a secret trove of treasure.
 16771 | Orc:1    | Entered Level 1 of the Orcish Mines
 17054 | Orc:2    | Entered Level 2 of the Orcish Mines
 17822 | Orc:2    | Found a staircase to the Elven Halls.
 17885 | Orc:2    | Reached skill level 10 in Armour
 18460 | Orc:2    | Found Ciddem's Magic Scroll Shop.
 18460 | Orc:2    | Found Popludoh's Book Emporium.
 18469 | Orc:2    | Found Runary's Armour Shop.
 18469 | Orc:2    | Found Taopoi's General Store.
 18478 | Orc:2    | Bought a +0 pair of gloves of dexterity for 115 gold pieces
 18546 | Elf:1    | Entered Level 1 of the Elven Halls
 19043 | Elf:1    | Killed from afar by a deep elf zephyrmancer

Illustrated notes

Levels and vault maps discovered:
D:1:      nzn_arrival_crosshair, layout_rooms,
          ebering_ecumenical_altar_sacrificial
D:2:      layout_basic, basic_altar
D:3:      layout_basic, serial_bayou, serial_bayou_pond_a, serial_bayou_pond_c,
          serial_bayou_shore_a, serial_bayou_pond_a, serial_shops, shop,
          uniq_jessica
D:4:      layout_cave_pools, grunt_ashenzari_visionary
          [grunt_ashenzari_visionary_swamp, grunt_ashenzari_visionary_snake],
          overflow_temple_1_default
D:5:      layout_basic, nicolae_overflow_hidden_temple,
          cheibrodos_sewer_entry_bend, uniq_menkaure
D:6:      minmay_inner_zag, layout_basic, kennysheep_mini, lemuel_round_altar,
          led_sif_book, minmay_between
D:7:      layout_loops_ring, minmay_temple_entry_waves, minmay_misc_feat_five,
          minmay_hedge_maze, kennysheep_minor_cross, uniq_crazy_yiuf_cottage
D:8:      layout_loops_ring, kennysheep_okawaru_gauntlet, uniq_erica
D:9:      layout_roguey, grunt_dithmenos_shadows,
          nicolae_overflow_crystal_walls, st_stairs_10
D:10:     layout_basic, grunt_temple_overflow_opulence,
          gammafunk_temple_overflow_elements, lightli_temple_of_fire,
          due_lair_maze_entry_diamond, serial_shops, nicolae_shop_waterfront,
          hangedman_corner_corridor, uniq_snorg
D:11:     layout_long_grid, hiddenorc2_lemuel, serial_shops, shop,
          minmay_checkerbox
D:12:     layout_basic, nicolae_trove_entry_diagonal, uniq_jorgrun
Lair:1:   layout_regular_city, beast_lair_carwin_5
Lair:2:   layout_loops_ring, guppyfry_snake_entry_garden, grunt_megastairs_4
Lair:3:   layout_cave_shapes, infiniplex_staircase_pool
Lair:4:   layout_cellular_growth, skrybe_swamp_entry_bodies, uniq_josephine
Lair:5:   layout_cave_pods, nicolae_slime_entry_slimehenge
Lair:6:   minmay_lair_end_enchanted_forest, layout_misc_corridors, st_stairs_10
Orc:1:    nicolae_orc_accident_1, layout_diamond_mine
Orc:2:    grunt_orc_tribal_feast, layout_diamond_mine
Elf:1:    eino_elf_arrival_sip, layout_onion_city, hangedman_elf_disciples

Skill      XL: |  1  2  3  4  5  6  7  8  9 10 11 12 13 14 15 |
---------------+----------------------------------------------+-----
Long Blades    | 2 3 4 5 7 8 10 11 13 14 | 14.0
Shields        | 3 4 5 6 7 8 10 12 | 12.4
Fighting       | 6 8 10 | 10.0
Stealth        | 5 |  5.0
Invocations    | 6 10 | 10.0
Armour         | 8 10 | 10.0

Action                   |  1- 3 |  4- 6 |  7- 9 | 10-12 | 13-15 || total
-------------------------+-------+-------+-------+-------+-------++-------
Melee: Long sword        |    75 |   145 |    98 |       |       ||   318
       Bite              |    28 |    64 |   137 |   186 |   477 ||   892
       Dagger            |     5 |    57 |    62 |    12 |       ||   136
       Short sword       |       |       |   213 |    15 |       ||   228
       Scimitar          |       |       |    11 |   428 |  1137 ||  1576
Invok: Stomp             |       |       |     2 |       |     1 ||     3
       Grand Finale      |       |       |       |     1 |     3 ||     4
       Line Pass         |       |       |       |       |     1 ||     1
  Use: Potion            |       |       |     2 |     4 |     1 ||     7
       Scroll            |       |       |       |       |    23 ||    23
 Stab: Paralysed         |       |       |     4 |    31 |    97 ||   132
Armor: Scale mail        |    47 |       |       |       |       ||    47
       Chain mail        |     3 |    91 |    52 |       |       ||   146
       Plate armour      |       |       |    70 |   128 |   418 ||   616
Dodge: Dodged            |    38 |    54 |    36 |    53 |   106 ||   287
Block: Kite shield       |    64 |   168 |   301 |   407 |   830 ||  1770
       Reflection        |       |     2 |     2 |     4 |    22 ||    30
       Rpst.: Long sword |    10 |     7 |     2 |       |       ||    19
       Scimitar          |       |       |     1 |    16 |    32 ||    49

Table legend: (Time is in decaauts)
 A = Elapsed time spent in this place.
 B = Non-inter-level travel time spent in this place.
 C = Inter-level travel time spent in this place.
 D = Time resting spent in this place.
 E = Time spent auto-exploring this place.
 F = Levels seen in this place.
 G = Mean time per level.
                   A        B        C        D        E       F      G
               +--------+--------+--------+--------+--------+-----+--------+
         Total |  18993 |  17987 |   1006 |      3 |  13850 |  22 |  863.3 |
       Dungeon |  10758 |  10179 |    579 |      3 |   7835 |  12 |  896.5 |
          Lair |   5843 |   5540 |    303 |      0 |   4418 |   6 |  973.8 |
  Orcish Mines |   1724 |   1601 |    123 |      0 |   1146 |   2 |  862.0 |
   Elven Halls |    479 |    479 |      0 |      0 |    361 |   1 |  479.0 |
         Sewer |    189 |    189 |      0 |      0 |     87 |   1 |  189.0 |
               +--------+--------+--------+--------+--------+-----+--------+

Top non-repeatable levels by time:
    D:10: 1226 daAuts
  Lair:6: 1161 daAuts
     D:7: 1152 daAuts
     D:6: 1129 daAuts
     D:1: 1096 daAuts
  Lair:4: 1041 daAuts
  Lair:5: 1029 daAuts
    D:11: 952 daAuts
  Lair:2: 948 daAuts
  Lair:1: 945 daAuts
   Orc:2: 910 daAuts
     D:3: 829 daAuts
   Orc:1: 813 daAuts
     D:8: 793 daAuts
    D:12: 758 daAuts
